 Dungeon Crawl Stone Soup version 0.29.1-15-g9cfb28693d (webtiles) character file.

Game seed: 1858750726597141296

86 Ast3rio the Ducker (level 4, -1/31 HPs)
             Began as a Djinni Air Elementalist on Mar 13, 2023.
             Slain by a gnoll
             ... wielding a +0 halberd
              (14 damage)
             ... on level 3 of the Dungeon.
             The game lasted 00:06:21 (3134 turns).

Ast3rio the Ducker (Djinni Air Elementalist)        Turns: 3134, Time: 00:06:22

Health: -1/31      AC:  2    Str:  7    XL:     4   Next: 77%
Gold:   80         EV: 13    Int: 18    God:
                   SH:  0    Dex: 14

rFire   + + .      SeeInvis .   (no weapon)
rCold   x . .      Faith    .   (no shield)
rNeg    . . .      Spirit   .   a - +0 robe
rPois   ∞          Reflect  .   (no helmet)
rElec   .          Harm     .   (no cloak)
rCorr   .          Rampage  .   (no gloves)
Will    .....                   (boots unavailable)
Stlth   ++........              (no amulet)
HPRegen 0.10/turn               (no ring)
MPRegen 0.00/turn               (no ring)

@: flying
A: sickness immunity, fire resistance 2, cold vulnerability 1, float, innate
caster, HP casting, extra vitality 1
a: no special abilities


You were on level 3 of the Dungeon.
You visited 1 branch of the dungeon, and saw 3 of its levels.

You collected 80 gold pieces.

Inventory:

Armour
 a - a +0 robe (worn)
Jewellery
 i - a ring of protection from cold
 k - a +4 ring of slaying
Scrolls
 b - a scroll of identify {unknown}
 c - a scroll of teleportation {unknown}
 d - a scroll of enchant weapon {unknown}
 h - a scroll of enchant armour {unknown}
 j - a scroll of magic mapping {unknown}
Potions
 e - a potion of might {unknown}
 f - a potion of mutation {unknown}
 g - a potion of haste {unknown}


   Skills:
 + Level 3.2 Dodging
 + Level 2.4 Stealth
 * Level 3.2 Spellcasting


You couldn't memorise any spells.
You knew the following spells:

 Your Spells              Type           Power      Damage    Failure   Level
a - Shock                 Conj/Air       56%        1d6       4%          1
b - Static Discharge      Conj/Air       14%        3-5/arc   6%          2
c - Swiftness             Air            14%        N/A       13%         3
d - Airstrike             Air            7%         2d(1-17)  38%         4
e - Necrotise             Necr           56%        1d6       4%          1
Your spell library was empty.

Dungeon Overview and Level Annotations

Branches:
Dungeon (3/15)

Altars:


Innate Abilities, Weirdness & Mutations

You are immune to sickness and miasma.
You are immune to poison.
Your flesh is very heat resistant. (rF++)
You are vulnerable to cold. (rC-)
You float through the air rather than walking.
You learn spells naturally, not from books.
Your magical power is your life essence.
You have superior vitality. (+4 MHP)


Message History

The lightning grounds out.
The adder bites you but does no damage.
An adder is nearby!
Casting: Static Discharge (safe; 7% risk of failure)
Confirm with . or Enter, or press ? or * to list all spells.
The adder is struck by an arc of lightning.
You kill the adder!
You are struck by an arc of lightning.
You see here an adder corpse.
There is a stone staircase leading down here.
There is a stone staircase leading down here.
You see here an adder corpse.
Done exploring.
Done exploring.
There is a stone staircase leading down here.
You fly downwards.
Found a book of Air.
There is a stone staircase leading up here.
A gnoll comes into view. It is wielding a +0 halberd.
The gnoll shouts! x3
The gnoll misses you.
You hear an angry hiss.
A ball python comes into view.
The gnoll hits you from afar with a +0 spear.
Casting: Static Discharge (safe; 7% risk of failure)
Confirm with . or Enter, or press ? or * to list all spells.
The gnoll is struck by an arc of lightning.
The gnoll is heavily wounded.
You are struck by an arc of lightning.
The gnoll is struck by an arc of lightning!
You kill the gnoll!
The lightning grounds out.
The gnoll barely misses you. The gnoll hits you with a +0 halberd.
The gnoll hits you from afar with a +0 spear.
Casting: Static Discharge (safe; 6% risk of failure)
Confirm with . or Enter, or press ? or * to list all spells.
The gnoll is struck by an arc of lightning.
The gnoll is moderately wounded.
You are struck by an arc of lightning.
The lightning grounds out.
The gnoll hits you with a +0 halberd!
You die...

#.......
#......##
.......#
......#
#.....#
#..S..#
#g.g..+
#..@..##
#.)....####
###.......#
#.......#
#.......#
#<......#
#.......#
........#
##.......#


You could see 2 gnolls and a ball python.

Vanquished Creatures
  3 adders (D:2)
  A gnoll (D:3)
  3 dart slugs
  3 ball pythons
  6 bats
  4 endoplasms
  4 giant cockroaches
  2 goblins
  2 hobgoblins (D:1)
  2 jackals (D:1)
  4 frilled lizards
  4 kobolds
  3 rats
  A spectral kobold (D:1)
42 creatures vanquished.

Notes
Turn   | Place    | Note
-------+----------+-------------------------------------------
     0 | D:1      | Ast3rio the Djinni Air Elementalist began the quest for the
                  | Orb.
     0 | D:1      | Ast3rio set off with the following spells memorised: Shock,
                  | Static Discharge, Swiftness, Airstrike.
     0 | D:1      | Reached XP level 1. HP: 15/15 MP: 0/0
   103 | D:1      | Reached XP level 2. HP: 8/21 MP: 0/0
   294 | D:1      | Found a faded altar of an unknown god.
   911 | D:1      | Reached XP level 3. HP: 14/25 MP: 0/0
   911 | D:1      | Learned a level 1 spell: Necrotise
  2145 | D:2      | Reached XP level 4. HP: 10/31 MP: 0/0
  3134 | D:3      | Slain by a gnoll

Illustrated notes

Levels and vault maps discovered:
D:1:      minmay_arrival_cross, layout_basic,
          dreamdust_ecumenical_altar_drowned_temple
D:2:      layout_basic
D:3:      layout_basic, nicolae_overflow_hidden_temple

Skill      XL: |  1  2  3 |
---------------+----------+-----
Stealth        | 2 |  2.4
Dodging        | 3 |  3.2
Spellcasting   | 3 |  3.2

Action                   |  1- 3 |  4- 6 || total
-------------------------+-------+-------++-------
Melee: Unarmed           |       |     3 ||     3
 Cast: Shock             |    68 |       ||    68
       Static Discharge  |     7 |    12 ||    19
Armor: Robe              |     3 |     2 ||     5
Dodge: Dodged            |    17 |     7 ||    24
